 Dungeon Crawl Stone Soup version 0.31.0-11-ge490571c62 (webtiles) character file.

Game seed: 2398930333517261960

1007 Flugkiller the Insei (level 7, -7/60 HPs)
             Began as a Demigod Shapeshifter on Jan 30, 2024.
             Mangled by an orc warrior
             ... wielding a +0 trident
              (12 damage)
             ... on level 5 of the Dungeon.
             The game lasted 00:03:31 (4544 turns).

Flugkiller the Insei (Demigod Shapeshifter)         Turns: 4544, Time: 00:03:32

Health: -7/60      AC: 10    Str: 14 (15) XL:     7   Next: 68%
Magic:  9/9        EV:  4    Int:  9 (12) God:
Gold:   273        SH:  0    Dex: 18 (21) Spells: 6/6 levels left

rFire   . .          .
                       - Unarmed
rCold   + . .        (no shield)
rNeg    . . .        s - +0 plate armour
rPois   +            (helmet currently unavailable)
rElec   .            (cloak currently unavailable)
rCorr   .            (gloves currently unavailable)
SInv    .            (boots currently unavailable)
Will    .....        (no amulet) Stlth
                     o - ring of poison resistance
HPRegen 0.30/turn    p - ring of protection from cold
MPRegen 0.11/turn

%: no passive effects
@: beast-form, invisible
A: beast (slay +2), high MP 1, forlorn, divine attributes
a: Begin Untransformation


You were on level 5 of the Dungeon.
You were a hulking beast.
You visited 1 branch of the dungeon, and saw 5 of its levels.

You collected 273 gold pieces.

Inventory:

Missiles
 v - 2 throwing nets (quivered)
Armour
 a - a +0 animal skin
 s - a +0 plate armour (worn)
   (You took it off a hobgoblin on level 3 of the Dungeon)
Jewellery
 o - a ring of poison resistance (left hand)
   (You found it on level 4 of the Dungeon)
 p - a ring of protection from cold (right hand)
   (You found it on level 4 of the Dungeon)
Talismans
 c - a beast talisman
 d - a flux talisman
Wands
 t - a wand of flame (16)
   (You found it on level 5 of the Dungeon)
Scrolls
 i - a scroll of immolation
 j - a scroll of silence {unknown}
 k - 2 scrolls of fog
 m - a scroll of revelation
 u - a scroll of enchant armour {unknown}
 w - a scroll of enchant weapon {unknown}
Potions
 b - 2 potions of lignification
 e - 2 potions of attraction
 l - a potion of mutation {unknown}
 n - a potion of brilliance
 q - a potion of curing
 r - a potion of berserk rage {unknown}
 x - a potion of resistance {unknown}


   Skills:
 + Level 4.9 Fighting
 - Level 1.7 Dodging
 + Level 5.5 Unarmed Combat
 + Level 5.1 Shapeshifting


You had 6 spell levels left.
You didn't know any spells.
Your spell library contained the following spells:

 Spells                   Type           Power      Damage    Failure   Level
 Blink                    Tloc           0%         N/A       100%        2
 Lesser Beckoning         Tloc           0%         N/A       100%        2
 Momentum Strike          Conj/Tloc      0%         3d8       100%        2


Dungeon Overview and Level Annotations

Branches:
Dungeon (5/15) Zot: 25411
 Temple: D:4-7

Shops:
D:2 (   D:4 *


Innate Abilities, Weirdness & Mutations

You are a hulking beast.
Your limbs bulge with bestial killing power. (Slay +2)
You have an increased reservoir of magic. (+10% MP)
You shall have no god before yourself.
Your divine heritage dramatically boosts your attributes as you level up.


Message History

HP restored.
You now have 273 gold pieces (gained 10).
t - a wand of flame (16)
An ice beast is nearby!
The ice beast hits you but does no damage.
You punch the ice beast!
The ice beast is moderately wounded.
The ice beast hits you but does no damage.
You hit the ice beast.
The ice beast is moderately wounded.
The ice beast hits you but does no damage.
You hit the ice beast.
The ice beast is heavily wounded.
The ice beast hits you. The ice beast freezes you. You resist.
You punch the ice beast!
The ice beast is severely wounded.
The ice beast barely misses you.
You hit the ice beast.
The ice beast is almost dead.
The ice beast hits you but does no damage.
You hit the ice beast but do no damage.
The ice beast is almost dead.
The ice beast hits you but does no damage.
You hit the ice beast.
You kill the ice beast!
No target in view!
No target in view!
You see here 3 scrolls of torment.
An adder comes into view.
The adder hisses angrily.
An adder is nearby!
An adder is nearby!
No target in view!
No target in view!
No target in view!
No target in view!
No target in view!
No target in view!
You hit the adder but do no damage. The adder bites you but does no damage.
You punch the adder!
The adder is severely wounded.
The adder barely misses you. The adder bites you but does no damage.
You punch the adder!
You kill the adder!
No target in view!
No target in view!
No target in view!
An orc warrior is nearby!
An orc warrior is nearby!
The orc warrior hits you with a +0 trident!
You hit the orc warrior.
The orc warrior is moderately wounded.
The orc warrior hits you with a +0 trident.
You barely miss the orc warrior.
The orc warrior is moderately wounded.
The orc warrior hits you with a +0 trident.
You closely miss the orc warrior.
The orc warrior is moderately wounded.
The orc warrior hits you with a +0 trident!
You hit the orc warrior.
The orc warrior is moderately wounded.
The orc warrior barely misses you.
You are too injured to fight recklessly!
You hit the orc warrior but do no damage.
The orc warrior is moderately wounded.
You barely miss the orc warrior.
The orc warrior is moderately wounded.
The orc warrior hits you with a +0 trident.
You barely miss the orc warrior.
The orc warrior is moderately wounded.
The orc warrior hits you with a +0 trident!
You hit the orc warrior.
The orc warrior is moderately wounded.
The orc warrior hits you with a +0 trident.
* * * LOW HITPOINT WARNING * * *
The quokka barely misses you.
The orc warrior hits you from afar with a +0 trident.
* * * LOW HITPOINT WARNING * * *
The quokka bites you.
* * * LOW HITPOINT WARNING * * *
The quokka attacks as it pursues you! The quokka bites you.
* * * LOW HITPOINT WARNING * * *
You see here an adder corpse.
Okay, then.
Okay, then.
As you read the scroll labelled VIEROR PEXERO, it crumbles to dust.
It is a scroll of amnesia.
You feel forgetful for a moment. The quokka closely misses you.
Okay, then.
It was a potion of degeneration.
There was something very wrong with that liquid.
You feel weakened.
You feel dopey.
You feel clumsy.
The quokka bites you but does no damage.
The orc warrior hits you from afar with a +0 trident.
* * * LOW HITPOINT WARNING * * *
The quokka bites you but does no damage.
It was a potion of invisibility.
You fade into invisibility!
The orc warrior hits you from afar with a +0 trident!
You die...

####.#...........#.......#
####....#...........#.......#
#.......#.....##....#.......#
........†.....##..?##.......#
........#......#...##########
###.###.#......#....# ...
#.#......#....# ...
#.#......#....# ..
#.#.....##h..##
..#.....##r..##
..#......o....# #...........#
#...........# #...........#
#.....##....# ########....#
.....#


You could see an orc warrior (unable to see you) and a quokka (unable to see
you).

Vanquished Creatures
  An ice beast (D:5)
  An ogre (D:5)
  2 scorpions (D:5)
  A killer bee (D:5)
  2 howler monkeys
  5 hounds
  2 jellies (D:4)
  A sleepcap (D:4)
  4 iguanas
  3 gnolls (D:4)
  14 adders
  4 dart slugs
  A ribbon worm (D:2)
  An orc (D:4)
  5 endoplasms
  3 giant cockroaches
  3 goblins
  12 hobgoblins
  6 kobolds
  4 quokkas
  8 ball pythons
  7 bats
  5 frilled lizards (D:1)
  8 rats
103 creatures vanquished.

Notes
Turn   | Place    | Note
-------+----------+-------------------------------------------
     0 | D:1      | Flugkiller the Demigod Shapeshifter began the quest for the
                  | Orb.
     0 | D:1      | Reached XP level 1. HP: 15/15 MP: 3/3
    46 | D:1      | Reached skill level 1 in Fighting
   261 | D:1      | Reached XP level 2. HP: 18/23 MP: 4/4
   736 | D:2      | Reached XP level 3. HP: 25/29 MP: 5/5
  1403 | D:2      | Found Lauf's Weapon Emporium.
  1719 | D:3      | Reached XP level 4. HP: 28/36 MP: 6/6
  2363 | D:4      | Reached XP level 5. HP: 38/44 MP: 7/7
  2452 | D:4      | Found Kogett's Fire Supplies.
  3465 | D:4      | Reached XP level 6. HP: 42/51 MP: 8/8
  3893 | D:5      | Entered Level 5 of the Dungeon
  4011 | D:5      | Reached XP level 7. HP: 46/59 MP: 9/9
  4192 | D:5      | Reached skill level 5 in Unarmed Combat
  4317 | D:5      | Reached skill level 5 in Shapeshifting
  4544 | D:5      | Mangled by an orc warrior

Illustrated notes

Levels and vault maps discovered:
D:1:      wander_arrival_desolate, layout_basic
D:2:      minmay_skewed_foursquare, layout_loops_ring, serial_shops,
          nicolae_shop_pleasant_corner_grove, chequers_serial_rivers_large_b,
          nicolae_concentric_dashed_squares_wild, serial_bayou_lake_a
D:3:      layout_loops_ring, mainiacjoe_overflow_tiny_flanked
D:4:      layout_loops_cross, yredelemnul_altar_generic, kennysheep_little_box,
          mainiacjoe_overflow_catch_the_wave, nicolae_shop_fire_sale
          [nicolae_sub_dead_trees], minmay_increasing_density
D:5:      minmay_recursive_quarters, layout_gridville,
          mainiacjoe_overflow_cross_hatched, trog_three_pillars_becter

Skill      XL: |  1  2  3  4  5  6  7 |
---------------+----------------------+-----
Fighting       | 1 2 3 4 |  4.9
Unarmed Combat | 3 4 5 |  5.5
Shapeshifting  | 3 4 5 |  5.1
Dodging        | |  1.7

Action                     |  1- 3 |  4- 6 |  7- 9 || total
---------------------------+-------+-------+-------++-------
  Melee: Unarmed           |   124 |   190 |    74 ||   388
         Punch             |     4 |     3 |     3 ||    10
    Use: Scroll            |       |     8 |     2 ||    10
         Potion            |       |     4 |     2 ||     6
   Stab: Sleeping          |     2 |     1 |       ||     3
 Armour: Animal skin       |    61 |    15 |       ||    76
         Plate armour      |       |   190 |    94 ||   284
         Skin              |       |     4 |       ||     4
  Dodge: Dodged            |    81 |    47 |    20 ||   148
